 Dungeon Crawl Stone Soup version 0.17.2-2-g6415ff710d (webtiles) character file.

150630 HitButDo the Black Belt (level 16, 0/136 HPs)
             Began as a Mummy Monk on Mar 15, 2023.
             Collided with a rock wall (3 damage)
             ... caused by a wind drake
             ... summoned by the player character
             ... on level 4 of the Shoals.
             The game lasted 02:26:45 (87367 turns).

HitButDo the Black Belt (Mummy Monk)               Turns: 87367, Time: 02:26:45

Health: 0/136      AC: 11    Str: 14    XL:     16   Next: 99%
Magic:  16/16      EV: 24    Int: 11    God:
Gold:   1252       SH: 13    Dex: 23    Spells: 0 memorised, 15 levels left

rFire  . . .     SeeInvis .       - Unarmed
rCold  + . .     Clarity  .     (no armour)
rNeg   + + +     SustAt   .     F - +0 shield
rPois  ∞         Gourm    .     K - +2 hat of Ru's Condemnation {rF+, Comfy Hat}
rElec  .         Spirit   .     k - +2 cloak
rCorr  .         Warding  .     a - +2 pair of gloves
rMut   .         Stasis   .     u - +2 pair of boots
MR     ++...                    (no amulet)
Stlth  ++........               J - +1 ring of evasion
                                D - +3 ring of dexterity

@: manticore barbs, very resistant to hostile enchantments, unstealthy
A: no food or potions, fire vulnerability, cold resistance 1, negative energy
resistance 3, torment resistance, unbreathing, in touch with death 1, restore
body
a: Self-Restoration


You were on level 4 of the Shoals.
You were not hungry.

You visited 6 branches of the dungeon, and saw 33 of its levels.
You also visited: Ice Cave and Volcano.

You collected 2945 gold pieces.
You spent 1693 gold pieces at shops.


Innate Abilities, Weirdness & Mutations

You do not eat or drink.
Your flesh is vulnerable to fire.
You are immune to poison.
Your flesh is cold resistant.
You are immune to negative energy.
You are immune to unholy pain and torment.
You can survive without breathing.
You are in touch with the powers of death.
You can restore your body by infusing magical energy.


   Skills:
 + Level 15.4 Fighting
 - Level 11.0 Dodging
 - Level 3.2 Stealth
 - Level 12.0 Shields
 - Level 16.0 Unarmed Combat


You had 15 spell levels left.
You didn't know any spells.

Inventory:

Missiles
 G - 17 large rocks (quivered) {Ruk}
Armour
 a - a +2 pair of gloves (worn)
 k - a +2 cloak (worn)
 u - a +2 pair of boots (worn)
 v - a +1 helmet
 z - the +0 hat "Wicuch" {rC+ Str+3}

   It affects your strength (+3).
   It protects you from cold.
 F - a +0 shield (worn)
 K - the +2 hat of Ru's Condemnation (worn) {rF+, Comfy Hat}

   It protects you from fire.
 L - a +1 large shield of poison resistance
Jewellery
 d - an uncursed ring of protection from magic
 f - an uncursed ring of stealth
 m - an uncursed ring of teleportation
 o - an uncursed ring of positive energy
 x - an uncursed ring of sustain attributes
 D - a +3 ring of dexterity (left hand)
 H - the amulet of Jaymil {rPois Regen+, unknown}

   [amulet of regeneration]

   It protects you from poison.
   It increases your rate of regeneration.
 J - a +1 ring of evasion (right hand)
Scrolls
 b - 4 scrolls of immolation {!r}
 c - 5 scrolls of enchant weapon
 e - 3 scrolls of magic mapping
 g - 3 scrolls of blinking {!r}
 h - 7 scrolls of teleportation {@r4 !r}
 i - a scroll of holy word {!r}
 j - 6 scrolls of remove curse
 l - 4 scrolls of amnesia
 n - 5 scrolls of random uselessness
 p - a scroll of fog
 r - a scroll of brand weapon
 s - a scroll of torment
 B - 5 scrolls of recharging
 E - a scroll of vulnerability {!r}
 M - a scroll of identify {@r1}
 O - a scroll of enchant armour
Comestibles
 w - 2 royal jellies
 C - 8 fruits

Dungeon Overview and Level Annotations

Branches:
Dungeon (15/15) Temple (1/1) D:6 Lair (8/8) D:10 Shoals (4/4) Lair:3 Spider (0/4) Lair:3 Slime (0/6) Lair:8 Orc (4/4) D:10 Elf (1/3) Orc:4 Vaults (0/5) D:12 D:13 Depths: D:15

Altars:
Ashenzari
Dithmenos
Gozag
Kikubaaqudgha
Makhleb
Nemelex Xobeh
Okawaru
Qazlal
Ru
Sif Muna
Vehumet
Xom
Yredelemnul
The Shining One
Beogh

Shops:
D:8 [[[*:   D:10 :   Orc:2 (   Orc:3 !   Orc:4 *:[(   Shoals:3 }

Annotations:
D:9 exclusion: obsidian statue
D:14 exclusion: downstairs
Lair:4 8 legs
Lair:5 Many legs, exclusion: hydra
Lair:6 7 legs
Lair:7 exclusion: 2 hydras
Shoals:1 exclusion: kraken
Shoals:4 Ilsuiw
Orc:3 WWW, Saint Roka

..≈≈≈≈≈≈≈≈≈≈≈≈≈≈≈≈≈≈≈
?≈≈≈≈≈≈≈≈≈≈≈≈≈≈≈≈≈≈≈≈
≈≈≈≈≈≈≈≈≈≈≈≈≈≈≈≈≈≈≈≈≈
≈≈≈≈≈≈≈≈≈≈≈≈≈≈≈≈≈≈≈≈≈
≈≈≈≈≈≈##≈≈▒▒▒▒▒▒≈≈≈≈≈
≈≈≈≈m≈m#≈▒≈≈≈≈≈▒▒≈≈≈
≈≈≈≈≈≈≈≈▒##▒≈≈≈≈▒▒≈≈
≈≈≈≈...▒E#≈≈≈▒≈≈≈▒≈≈
≈≈.....▒M▒≈≈≈≈≈≈≈▒
≈......▒t##≈▒▒≈≈≈▒
.......▒#l▒≈▒ ≈≈
£.....▒≈≈≈≈≈≈ ≈
..(...▒▒≈≈≈≈£▒ ▒≈
.H≈≈▒▒≈≈≈≈≈▒▒≈≈
≈▒≈...=...▒▒.≈≈≈≈▒▒▒▒▒▒▒..≈
≈≈▒.m.....▒...≈.....≈≈≈....
≈m≈.......▒..≈≈≈.▒..≈..▒


You could see a merfolk javelineer, a snapping turtle (withdrawn), a friendly
wind drake and a friendly water elemental.


Message History

The javelin of penetration pierces through you! * * * don't die
* * * You take 2 damage, and have 7/136 hp!
You pummel the snapping turtle like a punching bag!
The snapping turtle is severely wounded!
The snapping turtle misses you!
Your wind drake flaps its wings at the snapping turtle!
The snapping turtle is struck by the twisting air!!!
Your wind drake bites the snapping turtle!
Unknown command!
You pummel the snapping turtle but do no damage!
The snapping turtle is almost dead!
The merfolk javelineer throws a javelin of penetration!
The javelin of penetration pierces through your water elemental!!!!!!
The javelin of penetration pierces through you! * * * don't die
* * * You hear a splash!
Your wind drake flaps its wings at the snapping turtle!
The snapping turtle is struck by the twisting air!!!
The snapping turtle withdraws into its shell!!!
You take 4 damage, and have 3/136 hp!
You pummel the snapping turtle but do no damage!
The snapping turtle is almost dead!
Unknown command!
You barely miss the snapping turtle!
The snapping turtle is almost dead!
Your wind drake exhales a fierce blast of wind!!!
Your wind drake summons a great blast of wind!!!
You slam into the rock wall!!! rip

Action                   |  1- 3 |  4- 6 |  7- 9 | 10-12 | 13-15 | 16-18 || total
-------------------------+-------+-------+-------+-------+-------+-------++-------
Melee: Unarmed           |   138 |   262 |   646 |  1644 |  3360 |  1319 ||  7369
  Use: Scroll            |       |     5 |     2 |     8 |    17 |    11 ||    43
 Stab: Sleeping          |     5 |     6 |     2 |    16 |    30 |     3 ||    62
       Distracted        |       |       |     1 |     3 |    15 |     2 ||    21

Vault maps used:
D:1:      dpeg_arrival_radiant
D:2:      kennysheep_generic_room_6
D:3:      uniq_robin
D:4:      first_bread
D:5:      uniq_edmund
D:6:      nemelex_xobeh_ov_fountains_minmay, grunt_qazlal_sundering,
          overflow_temple_1_default, minmay_temple_entry_nine_rooms
D:7:      nicolae_overflow_crystal_walls, basic_altar, the_bakery,
          uniq_crazy_yiuf_cottage
D:8:      gammafunk_temple_overflow_statue, special_room, serial_shops,
          shop_statue, shop, nicolae_shop_trees, shop, shop, uniq_erolcha
D:9:      minivault_16
D:10:     lair_0_dummy, david_orc_3, serial_shops,
          nicolae_shop_temple_entry_statues_fountains, minivault_11
D:11:     tso_altar
D:12:     minmay_stone_box, uniq_nergalle
D:13:     david_vaults_3, grunt_ministairs_13
D:14:     minmay_misc_feat_doors
D:15:     grunt_enter_depths_giant_problem, minmay_misc_feat_tower,
          grunt_ministairs_10, minmay_radiant
Temple:   nicolae_temple_god_jail
Lair:1:   grunt_megastairs_4
Lair:2:   bobbens_dragon_lair_wall, grunt_megastairs_2
Lair:3:   elwin_shoals_entry_stream, nicolae_spider_entry_non_spiders,
          dpeg_stationary_puzzle, lemuel_fruit_tree, serial_bayou_shore_b
Lair:4:   st_stairs_3, wad_woods_02
Lair:5:   roderic_carrion_pond
Lair:6:   roderic_lost_polar_bear
Lair:7:   serial_bayou_shore_b
Lair:8:   due_jungle_book, slime_dummy, uniq_nessos
Shoals:3: serial_shops, shop_fountains
Shoals:4: serial_shops, shop, shoals_end_hangedman, shoal_ilsuiw
Orc:1:    nicolae_orc_accident_3, portal_ice_cave_entry_ice_beasts
Orc:2:    serial_shops, shop
Orc:3:    serial_shops, shop, nicolae_volcano_entry_hallway,
          nicolae_orc_pool_cavern, uniq_donald
Orc:4:    grunt_orc_cross, elves_outpost_lemuel
Elf:1:    serial_glass, glass_columns_c, glass_columns_b, minmay_elf_demonology,
          serial_sigils_hangedman_confine, minivault_16, grunt_ministairs_14
IceCv:    ice_cave_small_giant
Volcano:  volcano_lake

Notes
Turn   | Place    | Note
--------------------------------------------------------------
     0 | D:1      | HitButDo the Mummy Monk began the quest for the Orb.
     0 | D:1      | Reached XP level 1. HP: 18/18 MP: 1/1
   364 | D:1      | Reached XP level 2. HP: 20/24 MP: 2/2
   976 | D:2      | Reached skill level 4 in Unarmed Combat
  1179 | D:2      | Reached XP level 3. HP: 21/29 MP: 3/3
  2158 | D:2      | Reached XP level 4. HP: 35/35 MP: 4/4
  2346 | D:3      | Noticed Robin
  2943 | D:3      | Killed Robin
  2946 | D:3      | Reached skill level 5 in Unarmed Combat
  3427 | D:4      | Reached XP level 5. HP: 37/41 MP: 5/5
  3648 | D:4      | Reached skill level 4 in Fighting
  3886 | D:4      | Noticed an ogre
  4100 | D:4      | Noticed an ogre
  4558 | D:4      | Reached XP level 6. HP: 39/49 MP: 6/6
  4673 | D:4      | Killed an ogre
  4673 | D:4      | Reached skill level 5 in Fighting
  4878 | D:4      | Killed an ogre
  4878 | D:4      | Reached skill level 3 in Dodging
  5227 | D:5      | Entered Level 5 of the Dungeon
  5512 | D:5      | Reached XP level 7. HP: 50/56 MP: 7/7
  5594 | D:5      | Noticed Edmund
  5907 | D:5      | HP: 3/56 [orc priest/divine providence (13)]
  6601 | D:5      | Reached skill level 6 in Unarmed Combat
  6908 | D:5      | Reached skill level 6 in Fighting
  7340 | D:6      | Found a stormy altar of Qazlal.
  7370 | D:6      | Found a sparkling altar of Nemelex Xobeh.
  7557 | D:6      | Found an ancient bone altar of Kikubaaqudgha.
  7607 | D:6      | Reached skill level 7 in Fighting
  7607 | D:6      | Reached XP level 8. HP: 60/67 MP: 8/8
  7643 | D:6      | Found a staircase to the Ecumenical Temple.
  7868 | D:7      | Found an iron altar of Okawaru.
  8189 | D:7      | Found an iron altar of Okawaru.
  8424 | D:7      | Reached skill level 7 in Unarmed Combat
  8854 | D:7      | Noticed Crazy Yiuf
  8899 | D:7      | Killed Crazy Yiuf
  9582 | D:4      | Reached skill level 8 in Fighting
  9944 | D:4      | Killed Edmund
 10617 | D:8      | Noticed Erolcha
 10667 | D:8      | Found Kyupaf's Armour Shoppe.
 10696 | D:8      | Reached XP level 9. HP: 28/74 MP: 9/9
 10704 | D:8      | Reached skill level 8 in Unarmed Combat
 10968 | D:8      | Reached skill level 4 in Dodging
 11070 | D:8      | Found Zixzio Bury's Armour Shoppe.
 11093 | D:8      | Reached skill level 5 in Dodging
 11499 | D:8      | Bought a +0 pair of boots for 67 gold pieces
 11539 | D:8      | Found Vuesh's Antique Armour Boutique.
 11554 | D:8      | Bought a glowing helmet for 126 gold pieces
 11828 | D:8      | Reached skill level 9 in Unarmed Combat
 12066 | D:8      | Found Pioheod's General Store.
 12253 | D:8      | Found a shimmering altar of Xom.
 12253 | D:8      | Found a shattered altar of Ashenzari.
 12288 | D:8      | Found Bociav's Book Shop.
 12520 | D:9      | Noticed an obsidian statue
 12521 | D:9      | Noticed a rust devil
 12521 | D:9      | Noticed a hellwing
 12799 | D:9      | Reached skill level 9 in Fighting
 13355 | D:8      | Reached XP level 10. HP: 53/83 MP: 10/10
 14089 | D:10     | Entered Level 10 of the Dungeon
 14203 | D:10     | Found a staircase to the Orcish Mines.
 14624 | D:10     | Noticed a hill giant
 14670 | D:10     | Reached skill level 10 in Unarmed Combat
 15084 | D:10     | Noticed a hill giant
 15574 | D:10     | Reached skill level 10 in Fighting
 15818 | D:10     | Found a staircase to the Lair.
 15877 | D:10     | Reached skill level 2 in Stealth
 15882 | D:10     | Found Umemob's Book Shoppe.
 16339 | D:10     | Reached skill level 3 in Stealth
 16801 | D:11     | Reached skill level 6 in Dodging
 16820 | D:11     | Noticed a cyclops
 16970 | D:8      | Bought a translucent hat for 252 gold pieces
 16980 | D:8      | Identified the +0 hat "Wicuch" {rC+ Str+3} (You bought it in a shop on level 8 of the Dungeon)
 16980 | D:8      | eh
 17157 | Lair:1   | Entered Level 1 of the Lair of Beasts
 18153 | Lair:1   | Reached skill level 7 in Dodging
 18153 | Lair:1   | Reached XP level 11. HP: 48/90 MP: 11/11
 19574 | Lair:1   | Noticed a black mamba
 20164 | Lair:1   | Noticed a five-headed hydra
 20468 | Lair:1   | Reached skill level 11 in Unarmed Combat
 22012 | Lair:2   | Reached skill level 11 in Fighting
 23538 | Lair:3   | Found a hole to the Spider Nest.
 23612 | Lair:3   | Reached skill level 12 in Unarmed Combat
 23955 | Lair:3   | HP: 8/93 [komodo dragon (28)]
 24308 | Lair:3   | Reached XP level 12. HP: 96/100 MP: 12/12
 25665 | Lair:3   | Reached skill level 12 in Fighting
 26572 | Lair:3   | Noticed an eight-headed hydra
 26778 | Lair:3   | Found a staircase to the Shoals.
 26807 | Lair:2   | Noticed a seven-headed hydra
 28822 | Lair:4   | Noticed a five-headed hydra
 29075 | Lair:5   | Reached skill level 13 in Unarmed Combat
 29406 | Lair:5   | Noticed a five-headed hydra
 29636 | Lair:5   | Noticed a seven-headed hydra
 31164 | Lair:6   | Reached skill level 13 in Fighting
 31225 | Lair:6   | Reached skill level 8 in Dodging
 31425 | Lair:6   | Gained mutation: You are in touch with the powers of death. [Mummy growth]
 31425 | Lair:6   | Gained mutation: You can restore your body by infusing magical energy. [Mummy growth]
 31425 | Lair:6   | Reached XP level 13. HP: 64/111 MP: 13/13
 32434 | Lair:6   | Noticed a seven-headed hydra
 32878 | Lair:6   | Reached skill level 9 in Dodging
 35553 | Lair:8   | Entered Level 8 of the Lair of Beasts
 35584 | Lair:8   | Noticed Nessos
 35877 | Lair:8   | Reached skill level 14 in Unarmed Combat
 36843 | Orc:1    | Entered Level 1 of the Orcish Mines
 36908 | Orc:1    | Found a frozen archway.
 36996 | IceCv    | Entered an ice cave
 37259 | D:10     | Noticed a hill giant
 37380 | D:10     | Killed a hill giant
 38964 | Orc:1    | Reached skill level 14 in Fighting
 39119 | Orc:2    | Found Baifam's Antique Weapon Boutique.
 39903 | Orc:3    | Found Qydus's Distillery.
 39903 | Orc:3    | Noticed Donald
 40420 | Orc:3    | Found a dark tunnel.
 40561 | Volcano  | Entered a volcano
 42108 | D:8      | Killed a hill giant
 43011 | D:7      | Found an iron altar of Okawaru.
 43169 | Temple   | Entered the Ecumenical Temple
 44720 | Orc:4    | Entered Level 4 of the Orcish Mines
 44984 | Orc:4    | Found a staircase to the Elven Halls.
 44995 | Elf:1    | Entered Level 1 of the Elven Halls
 45728 | Orc:4    | Reached XP level 14. HP: 120/120 MP: 14/14
 46886 | Orc:4    | Noticed Saint Roka
 48241 | Orc:4    | Paralysed by an orc sorcerer for 6 turns
 48440 | Orc:4    | Found a roughly hewn altar of Beogh.
 49131 | Orc:4    | Found Umumu's Antique Weapon Boutique.
 49133 | Orc:4    | Found Obaicky's Antique Armour Boutique.
 49152 | Orc:4    | Found Korchag's General Store.
 49169 | Orc:4    | Found Puts's Book Boutique.
 49193 | Orc:4    | Bought a scroll of acquirement for 624 gold pieces
 49193 | Orc:4    | Bought a scroll of acquirement for 624 gold pieces
 49836 | Lair:1   | Killed a black mamba
 50024 | Lair:3   | Reached skill level 15 in Unarmed Combat
 52206 | Lair:8   | Killed Nessos
 52206 | Lair:8   | Reached skill level 15 in Fighting
 53448 | Lair:8   | Found a staircase to the Slime Pits.
 57055 | Lair:3   | Reached XP level 15. HP: 129/129 MP: 15/15
 57878 | D:5      | Killed Donald
 58163 | D:8      | Found Zixzio Bury's Armour Shoppe.
 58163 | D:8      | Found Vuesh's Antique Armour Boutique.
 58164 | D:8      | Found Kyupaf's Armour Shoppe.
 58315 | D:8      | Found a shattered altar of Ashenzari.
 58316 | D:8      | Found a shimmering altar of Xom.
 58351 | D:8      | Found Bociav's Book Shop.
 58537 | D:8      | Found Pioheod's General Store.
 58738 | D:8      | Found a shattered altar of Ashenzari.
 58740 | D:8      | Found a shimmering altar of Xom.
 58776 | D:8      | Found Bociav's Book Shop.
 58864 | D:8      | Killed Erolcha
 58864 | D:8      | Reached skill level 1 in Shields
 60193 | D:10     | Reached skill level 2 in Shields
 60811 | D:11     | Found a glowing golden altar of the Shining One.
 60920 | D:11     | Killed a cyclops
 61066 | D:11     | Noticed a hill giant
 61072 | D:11     | Killed a hill giant
 61072 | D:11     | Reached skill level 3 in Shields
 62049 | D:12     | Noticed Nergalle
 62094 | D:12     | Killed Nergalle
 62524 | D:13     | Found a gate to the Vaults.
 62538 | D:12     | Killed a hill giant
 62538 | D:12     | Reached skill level 4 in Shields
 62982 | D:13     | Got a twitching jade amulet
 63031 | D:13     | Reached skill level 5 in Shields
 64079 | D:13     | Reached skill level 6 in Shields
 65352 | D:13     | Reached skill level 7 in Shields
 65762 | D:13     | Found a gate to the Vaults.
 67187 | D:14     | Reached skill level 8 in Shields
 67684 | D:14     | You fall through a shaft!
 67684 | D:15     | Entered Level 15 of the Dungeon
 67752 | D:14     | Got a steaming hat
 67763 | D:14     | Identified the +2 hat of Ru's Condemnation {rF+} (You acquired it on level 14 of the Dungeon)
 68952 | D:15     | HP: 11/129 [barbs]
 69114 | D:13     | :|
 69791 | D:15     | Reached skill level 9 in Shields
 70085 | Lair:1   | Killed a five-headed hydra
 70702 | Lair:2   | Killed a seven-headed hydra
 71166 | Lair:4   | Killed a five-headed hydra
 71426 | Lair:5   | Reached XP level 16. HP: 87/136 MP: 16/16
 71714 | Lair:5   | Killed a five-headed hydra
 72292 | Lair:8   | Reached skill level 10 in Shields
 75679 | Shoals:1 | Entered Level 1 of the Shoals
 75786 | Shoals:1 | Reached skill level 11 in Shields
 80209 | Shoals:1 | Reached skill level 12 in Shields
 80623 | Shoals:1 | Reached skill level 10 in Dodging
 83799 | Lair:3   | Reached skill level 11 in Dodging
 84072 | Shoals:3 | Found Heqis's Gadget Shoppe.
 84585 | Shoals:3 | Reached skill level 16 in Unarmed Combat
 86049 | Shoals:4 | Entered Level 4 of the Shoals
 86591 | Shoals:4 | Noticed Ilsuiw
 87362 | Shoals:4 | HP: 9/136 [merfolk javelineer/javelin of penetration (23)]
 87365 | Shoals:4 | HP: 3/136 [merfolk javelineer/javelin of penetration (5)]
 87367 | Shoals:4 | Collided with a rock wall

Vanquished Creatures
  Donald (D:5)
  An orc warlord (D:11)
  Nessos (Lair:8)
  6 dire elephants (Lair:8)
  A deep elf high priest (D:14)
  6 merfolk impalers
  A small abomination (D:14)
  9 hydras
  4 centaur warriors
  A merfolk avatar (Shoals:3)
  An anaconda (Lair:8)
  3 merfolk aquamancers
  13 death yaks
  2 satyrs
  Nergalle (D:12)
  An orc high priest (Orc:4)
  A skeletal warrior (D:12)
  9 sea snakes
  A lindwurm (Lair:5)
  11 hill giants
  2 oklob plants
  7 griffons
  5 orc knights
  5 fauns
  4 cyclopes
  2 ugly things
  7 manticores
  5 water nymphs
  2 orc sorcerers (Orc:4)
  8 sirens
  9 black mambas
  A black mamba (shapeshifter) (D:12)
  23 elephants
  3 centaur zombies
  A torpor snail (Lair:8)
  2 gargoyles
  6 komodo dragons
  18 spiny frogs
  5 trolls
  17 merfolk
  2 fire drakes
  2 wind drakes (Shoals:1)
  2 polar bears
  14 slime creatures
  7 snapping turtles
  24 blink frogs
  A two-headed ogre (Orc:2)
  2 wraiths
  4 spriggans
  11 water elementals
  2 wyverns
  4 deep elf magi
  75 yaks
  3 hungry ghosts
  16 humans
  2 basilisks
  2 steam dragons
  21 wolves
  17 hippogriffs
  10 deep elf fighters
  7 vampire mosquitoes (D:14)
  3 wargs
  Edmund (D:4)
  2 mottled dragons
  21 porcupines
  11 ice beasts
  6 necrophages
  4 sky beasts
  15 ogres
  31 water moccasins
  2 eyes of draining
  A phantom (D:12)
  11 centaurs
  29 crocodiles
  34 orc warriors
  21 giant frogs
  14 big kobolds
  A brain worm (D:14)
  4 earth elementals
  9 scorpions
  16 wights
  15 killer bees
  2 electric eels (Lair:3)
  A giant frog zombie (D:10)
  A wasp zombie (D:9)
  4 crimson imps
  8 hounds
  5 jellies
  6 centaur skeletons
  Crazy Yiuf (D:7)
  A giant frog skeleton (D:5)
  30 orc priests
  41 orc wizards
  17 worker ants
  17 iguanas
  35 sheep
  3 hound skeletons
  3 worker ant zombies
  Robin (D:3)
  22 adders
  136 river rats
  A shadow imp (D:9)
  An ooze (D:7)
  An adder zombie (D:9)
  2 adder skeletons
  5 worms
  4 giant geckos
  227 orcs
  11 bats
  8 giant cockroaches
  14 goblins
  9 hobgoblins
  5 jackals
  7 quokkas
  A ball python (D:2)
  A giant gecko skeleton (D:4)
  5 giant newts
  42 kobolds
  2 quokka skeletons
  9 rats
  A fungus (Lair:8)
  9 plants
  A tentacle (Shoals:1)
1385 creatures vanquished.

Vanquished Creatures (collateral kills)
  A merfolk avatar (Shoals:1)
1 creature vanquished.

Vanquished Creatures (others)
  Erolcha (D:8)
  101 fungi
  44 plants
  19 tentacles (Shoals:1)
  1200 tentacle segments (Shoals:1)
1365 creatures vanquished.

Grand Total: 2751 creatures vanquished
